 Dungeon Crawl Stone Soup version 0.15.2 (webtiles) character file.

395 HopeRidesAlone the Insei (level 6, -13/48 HPs)
             Began as a Mummy Monk on Nov 2, 2015.
             Mangled by an ogre
             ... wielding a cursed -1 giant club
              (17 damage)
             ... on Level 4 of the Dungeon.
             The game lasted 00:07:23 (5148 turns).

HopeRidesAlone the Insei (Mummy Monk)               Turns: 5148, Time: 00:07:23

HP -13/48        AC  5     Str 14      XL: 6   Next: 52%
MP   6/6         EV  9     Int  9      God:
Gold 151         SH  0     Dex 16      Spells:  0 memorised,  5 levels left

rFire  x . .     SeeInvis .       - Unarmed
rCold  + . .     Clarity  .     f - +0 ring mail
rNeg   + + +     rCorr    .     (no shield)
rPois  +         rRot     +     (no helmet)
rElec  .         Spirit   .     (no cloak)
SustAb .         Warding  .     (no gloves)
rMut   .         Stasis   .     (no boots)
Gourm  .                        (no amulet)
MR     .....                    (no ring)
                                (no ring)

@: not resistant to hostile enchantments, very unstealthy
A: no food or potions, fire vulnerability, restore body, cold resistance 1,
negative energy resistance 3, poison resistance, torment resistance, unbreathing
a: no special abilities


You were on level 4 of the Dungeon.
You were not hungry.

You visited 1 branch of the dungeon, and saw 5 of its levels.

You collected 151 gold pieces.


Innate Abilities, Weirdness & Mutations

You do not eat or drink.
Your flesh is vulnerable to fire.
Your flesh is cold resistant.
You are immune to negative energy.
Your system is resistant to poisons.
You are immune to unholy pain and torment.
You can survive without breathing.


   Skills:
 + Level 4.2 Fighting
 - Level 2.4 Dodging
 - Level 1.5 Stealth
 - Level 6.0 Unarmed Combat


You had 5 spell levels left.
You didn't know any spells.

Inventory:

Missiles
 e - 11 poisoned needles (quivered)
Armour
 a - a +0 robe
 f - a +0 ring mail (worn)
Magical devices
 m - a wand of teleportation (6) {unknown}
Scrolls
 b - 4 scrolls of remove curse {unknown}
 c - a scroll of teleportation {unknown}
 g - a scroll of identify {unknown}
 h - a scroll of enchant armour {unknown}
 i - a scroll of fog {unknown}
 j - a scroll of noise {unknown}
 k - a scroll of amnesia {unknown}
 l - a scroll of recharging {unknown}
Jewellery
 d - an uncursed amulet of the gourmand {unknown}

Dungeon Overview and Level Annotations

Branches:
Dungeon (5/15)
 Temple: D:4-7

Altars:
Cheibriados
Dithmenos
Elyvilon
Nemelex Xobeh
Okawaru
Qazlal
Trog

Shops:
D:3 *   D:4 *

Annotations:
D:4 Dowan, Duvessa

###### ##.##M#
#.##O## #. ###
##.##.# .# ##.#
##..##Z# #. ###
##..# #..###.#
#.## ###.# ....##
##..# #.# #..#
###....
##...####..####.#
#.###....##
##...#....# #..#
#.....#####
##.......###.<#
#...### #


You could see an ogre and an ogre skeleton.


Message History

The kobold hits you but does no damage.
You miss the kobold.
The kobold is moderately wounded.
The kobold hits you but does no damage.
You hit the kobold.
You kill the kobold!
You see here 26 stones.
You see here a rotting bat corpse.
Things that are here:
a dagger; a rotting goblin corpse An ogre skeleton comes into view.
The ogre closely misses you.
Things that are here:
a hand axe; a club; a club
There is a stone staircase leading up here.
You hit the ogre.
The ogre is moderately wounded.
You hit the ogre but do no damage.
The ogre is moderately wounded.
The ogre barely misses you.
You closely miss the ogre.
The ogre is moderately wounded.
The ogre hits you with a giant club!
* * * LOW HITPOINT WARNING * * *
You punch the ogre!
The ogre is severely wounded.
You barely miss the ogre.
The ogre is severely wounded.
The ogre hits you with a giant club!
You die...

Action                   |  1- 3 |  4- 6 || total
-------------------------+-------+-------++-------
Melee: Unarmed           |   184 |   219 ||   403
 Stab: Sleeping          |     1 |     1 ||     2

Vault maps used:
D:1:      zaba_arrival_water
D:2:      grunt_qazlal_clouds, nicolae_overflow_hidden_temple,
          kennysheep_generic_room_2
D:3:      first_bread, nemelex_diamond_rough_becter, uniq_iyjb, uniq_natasha,
          uniq_jessica
D:4:      grunt_temple_overflow_open, lemuel_round_altar, serial_shops, shop,
          uniq_duvessa
D:5:      makhleb_altar_promises_db, uniq_blork_the_orc

Notes
Turn   | Place    | Note
--------------------------------------------------------------
     0 | D:1      | HopeRidesAlone, the Mummy Monk, began the quest for the Orb.
     0 | D:1      | Reached XP level 1. HP: 18/18 MP: 1/1
   210 | D:1      | Reached XP level 2. HP: 14/24 MP: 2/2
   718 | D:2      | Reached skill level 4 in Unarmed Combat
   853 | D:2      | Reached XP level 3. HP: 18/29 MP: 3/3
  1250 | D:2      | Found a white marble altar of Elyvilon.
  1594 | D:2      | Found a stormy altar of Qazlal.
  1730 | D:2      | Reached XP level 4. HP: 20/35 MP: 4/4
  2394 | D:3      | Reached skill level 5 in Unarmed Combat
  2409 | D:3      | Noticed Natasha
  2417 | D:3      | Killed Natasha
  2417 | D:3      | Reached XP level 5. HP: 36/41 MP: 5/5
  2874 | D:4      | Found a snail-covered altar of Cheibriados.
  3006 | D:4      | Found Keppugu's General Store.
  3375 | D:4      | Noticed Duvessa
  3375 | D:4      | Noticed Dowan
  3410 | D:3      | Reached skill level 6 in Unarmed Combat
  3413 | D:3      | Reached XP level 6. HP: 9/47 MP: 6/6
  3440 | D:3      | Noticed Natasha
  3840 | D:3      | Killed Natasha
  3970 | D:3      | Noticed Ijyb
  3982 | D:3      | Killed Ijyb
  4347 | D:3      | Noticed Jessica
  4352 | D:3      | Killed Jessica
  4352 | D:3      | Reached skill level 4 in Fighting
  4596 | D:3      | Found a sparkling altar of Nemelex Xobeh.
  4719 | D:4      | Noticed an ogre
  4836 | D:4      | Found a bloodstained altar of Trog.
  4836 | D:4      | Found a shadowy altar of Dithmenos.
  4839 | D:5      | Entered Level 5 of the Dungeon
  5064 | D:4      | Found an iron altar of Okawaru.
  5146 | D:4      | HP: 4/48 [ogre/giant club (16)]
  5148 | D:4      | Mangled by an ogre

Vanquished Creatures
  2 hounds
  A crimson imp (D:3)
  A worker ant (D:4)
  Natasha (twice) (D:3)
  An orc priest (D:3)
  An orc wizard (D:2)
  Ijyb (D:3)
  Jessica (D:3)
  6 adders
  3 worms
  2 oozes (D:2)
  8 orcs
  14 bats
  4 giant cockroaches
  8 goblins
  5 hobgoblins
  6 jackals
  7 kobolds
  2 giant geckos (D:2)
  7 giant newts
  2 quokkas
  4 rats
88 creatures vanquished.

Vanquished Creatures (others)
  A giant gecko (D:2)
1 creature vanquished.

Grand Total: 89 creatures vanquished
